 Dungeon Crawl Stone Soup version 0.22.1-1-ga44c0e5 (console) character file.

1118 erker the Changer (level 8, -6/57 HPs)
             Began as an Octopode Transmuter on Oct 9, 2018.
             Was an Initiate of Makhleb.
             Mangled by an orc warrior
             ... wielding a +0 halberd
              (19 damage)
             ... on level 7 of the Dungeon.
             The game lasted 00:17:23 (4378 turns).

erker the Changer (Octopode Transmuter)             Turns: 4378, Time: 00:17:24

Health: -6/57      AC:  6    Str:  8    XL:     8   Next: 34%
Magic:  19/23      EV: 10    Int: 17    God:    Makhleb [......]
Gold:   176        SH:  2    Dex: 12    Spells: 5/15 levels left

rFire    x . .     SeeInvis .     - Unarmed
rCold    + + +     Gourm    .   (shield currently unavailable)
rNeg     . . .     Faith    .   (helmet currently unavailable)
rPois    +         Spirit   .   y - +2 amulet of reflection
rElec    .         Reflect  +   s - ring of magical power
rCorr    .         Harm     .   x - ring of poison resistance
MR       .....                  o - ring of wizardry
Stlth    ++........             (no ring)
HPRegen  0.19/turn              (no ring)
MPRegen  0.18/turn              (no ring)
                                (no ring)
                                (no ring)

@: ice-form
A: large, almost no armour, stealthy swim, amphibious, 8 rings, (constrict 8),
weak 1, evolution 1
a: End Transformation, Renounce Religion


You were on level 7 of the Dungeon.
You worshipped Makhleb.
Makhleb was noncommittal.
You were hungry.
You were a creature of crystalline ice.
You visited 2 branches of the dungeon, and saw 8 of its levels.

You collected 286 gold pieces.
You spent 110 gold pieces at shops.

Inventory:

Missiles
 a - 22 arrows
 e - 31 bolts
 i - 38 poisoned needles
 F - 8 tomahawks (quivered)
Jewellery
 o - a ring of wizardry (on tentacle)
 s - a ring of magical power (left front paw)
 v - an uncursed ring of fire
 x - a ring of poison resistance (right front paw)
 y - a +2 amulet of reflection (around neck)
 B - a +3 ring of protection {unknown}
Wands
 q - a wand of acid (9)
 t - a wand of scattershot (3)
 G - a wand of flame (18)
 I - a wand of random effects (21)
Scrolls
 b - 2 scrolls of blinking {unknown}
 d - 13 scrolls of remove curse {unknown}
 g - a scroll of noise {unknown}
 h - a scroll of fog {unknown}
 j - a scroll of fear {unknown}
 n - 2 scrolls of random uselessness {unknown}
 u - 2 scrolls of immolation {unknown}
 w - a scroll of enchant weapon {unknown}
 z - a scroll of magic mapping
 A - 4 scrolls of teleportation
 C - a scroll of identify
Potions
 f - 2 potions of mutation
 k - a potion of curing
 l - 2 potions of heal wounds
 m - 5 potions of flight
 p - 3 potions of degeneration {unknown}
 r - a potion of ambrosia {unknown}
 D - 2 potions of cancellation {unknown}
 E - a potion of might {unknown}
 H - a potion of resistance {unknown}
Comestibles
 c - 10 rations


   Skills:
 + Level 1.3 Fighting
 + Level 2.5 Dodging
 + Level 3.1 Stealth
 + Level 5.3 Unarmed Combat
 + Level 4.2 Spellcasting
 * Level 5.6 Transmutations
 * Level 2.6 Ice Magic
 - Level 3.1 Poison Magic


You had 5 spell levels left.
You knew the following spells:

 Your Spells              Type           Power        Failure   Level  Hunger
a - Beastly Appendage     Tmut           ###...       1%          1    None
s - Spider Form           Tmut/Pois      ###.......   3%          3    ###....
t - Sticks to Snakes      Tmut           ###.....     1%          2    ##.....
y - Ice Form              Ice/Tmut       ###.....     12%         4    ####...

Your spell library contained the following spells:

 Spells                   Type           Power        Failure   Level  Hunger
 Blade Hands              Tmut           ###.......   17%         5    ######.


Dungeon Overview and Level Annotations

Branches:
Dungeon (7/15)             Temple (1/1) D:5

Altars:
Ashenzari
Cheibriados
Dithmenos
Elyvilon
Fedhas
Gozag
Hepliaklqana
Kikubaaqudgha
Makhleb
Nemelex Xobeh
Okawaru
Qazlal
Ru
Sif Muna
Trog
Uskayaw
Vehumet
Wu Jian
Xom
Yredelemnul
Zin
The Shining One

Shops:
D:4 ?

Annotations:
D:3 3 runed doors, Alter's ghost, amateur MiFi


Innate Abilities, Weirdness & Mutations

You cannot wear most types of armour.
You are very stealthy in the water. (Stealth+)
You are amphibious.
You can wear up to eight rings at the same time.
((You can use your tentacles to constrict eight enemies at once.))
((Your skin changes colour to match your surroundings (Stealth+).))
((Your rubbery body absorbs attacks. (AC +1, EV +1)))
((Your system is resistant to poisons. (rPois)))
You are weak. (Str -2)
You evolve.


Message History

An orc comes into view. It is wielding a hand axe.
You hit the orc warrior but do no damage.
The orc warrior hits you with a halberd.
You punch the orc warrior! You freeze the orc warrior.
The orc warrior is moderately wounded.
The orc warrior closely misses you.
You barely miss the orc warrior.
The orc warrior is moderately wounded.
You hit the orc warrior but do no damage.
The orc warrior is moderately wounded.
The orc warrior hits you with a halberd!
* * * LOW HITPOINT WARNING * * *
You hit the orc warrior but do no damage.
The orc warrior is moderately wounded.
You block the orc warrior's attack.
You swap places.
Your ball python barely misses the orc warrior.
Your ball python misses the orc warrior.
The orc warrior hits you from afar with a halberd!!
You die...

#......#.###.#
#......#..##.#
#......##.##.######
#..)...'..........#
#......##.##......#
#...... #.##....(.#
# ### #.##...(..# #
#+##......# #
#....YS# # #.####S#
# #.# #o# # #. #o#
# #. #o. # #.. ....
##.. ...


You could see an orc warrior, 2 orcs, a friendly adder and a friendly ball
python.

Vanquished Creatures
  Sigmund (D:3)
  Duvessa (D:6)
  3 ogres
  Blork the orc (D:6)
  Dowan (D:6)
  3 crimson imps
  A hound (D:5)
  A centaur skeleton (D:5)
  2 jellies
  2 orc priests
  Jessica (D:2)
  An orc wizard (D:3)
  3 worker ants
  A hound skeleton (D:5)
  A worker ant zombie (D:7)
  An adder (D:2)
  An ooze (D:1)
  A worm (D:2)
  3 dart slugs
  2 leopard geckos
  12 orcs
  5 bats
  4 giant cockroaches
  11 goblins
  5 hobgoblins
  5 kobolds
  2 frilled lizards
  A quokka zombie (D:5)
  4 rats
80 creatures vanquished.

Vanquished Creatures (collateral kills)
  An orc (D:4)
1 creature vanquished.

Grand Total: 81 creatures vanquished

Notes
Turn   | Place    | Note
-------+----------+-------------------------------------------
     0 | D:1      | erker the Octopode Transmuter began the quest for the Orb.
     0 | D:1      | Reached XP level 1. HP: 13/13 MP: 3/3
    52 | D:1      | Reached XP level 2. HP: 9/18 MP: 3/5
   160 | D:1      | Learned a level 2 spell: Sticks to Snakes
   261 | D:1      | Reached XP level 3. HP: 13/23 MP: 3/6
   298 | D:1      | Learned a level 3 spell: Spider Form
   577 | D:2      | Noticed Jessica
   606 | D:2      | Killed Jessica
   606 | D:2      | Reached skill level 1 in Poison Magic
   606 | D:2      | Reached XP level 4. HP: 27/28 MP: 2/7
   783 | D:2      | Found a hazy altar of Hepliaklqana.
   784 | D:2      | Found a shimmering altar of Xom.
   784 | D:2      | Noticed a tentacled monstrosity
   786 | D:2      | Noticed a tentacled monstrosity
   786 | D:2      | Noticed a spectral ugly thing
   815 | D:2      | Reached skill level 1 in Stealth
   981 | D:2      | Found an iron altar of Okawaru.
  1205 | D:3      | Found a runed gate.
  1205 | D:3      | Found a runed gate.
  1205 | D:3      | Found a runed gate.
  1207 | D:3      | Noticed Alter's ghost (amateur MiFi)
  1430 | D:3      | Reached XP level 5. HP: 5/33 MP: 6/9
  1691 | D:3      | Found an ancient bone altar of Kikubaaqudgha.
  1888 | D:3      | Noticed Sigmund
  1921 | D:3      | Killed Sigmund
  1921 | D:3      | Reached XP level 6. HP: 13/38 MP: 7/10
  1932 | D:3      | Learned a level 4 spell: Ice Form
  2400 | D:4      | Reached skill level 1 in Ice Magic
  2400 | D:4      | Reached XP level 7. HP: 43/43 MP: 12/12
  2421 | D:4      | Found Kutt's Magic Scroll Shoppe.
  2430 | D:4      | Bought a scroll of magic mapping for 45 gold pieces
  2430 | D:4      | Bought a scroll of teleportation for 39 gold pieces
  2430 | D:4      | Bought a scroll of identify for 26 gold pieces
  2658 | D:5      | Entered Level 5 of the Dungeon
  2719 | D:5      | Gained mutation: You can translocate small distances at
                  | will. [potion of mutation]
  2719 | D:5      | Gained mutation: Your flesh is cold resistant. (rC+)
                  | [potion of mutation]
  2720 | D:5      | Lost mutation: You can translocate small distances at will.
                  | [potion of mutation]
  2720 | D:5      | Lost mutation: Your flesh is cold resistant. (rC+) [potion
                  | of mutation]
  2720 | D:5      | Gained mutation: You are weak. (Str -2) [potion of
                  | mutation]
  2720 | D:5      | Gained mutation: You evolve. [potion of mutation]
  2812 | D:5      | Gained mutation: Your system is resistant to poisons.
                  | (rPois) [evolution]
  2854 | D:5      | Found a staircase to the Ecumenical Temple.
  2864 | Temple   | Entered the Ecumenical Temple
  3195 | D:5      | Found a glowing golden altar of the Shining One.
  3195 | D:5      | Found a bloodstained altar of Trog.
  3311 | D:5      | Found a burning altar of Makhleb.
  3321 | D:5      | Became a worshipper of Makhleb the Destroyer
  3552 | D:6      | Reached skill level 5 in Transmutations
  3552 | D:6      | Reached XP level 8. HP: 48/48 MP: 14/14
  3757 | D:6      | Found a shattered altar of Ashenzari.
  3796 | D:6      | Noticed Blork the orc
  3810 | D:6      | Killed Blork the orc
  3943 | D:6      | Noticed Duvessa
  3943 | D:6      | Noticed Dowan
  3961 | D:6      | Killed Duvessa
  3961 | D:6      | Reached skill level 5 in Unarmed Combat
  3962 | D:6      | Killed Dowan
  4247 | D:7      | Found a glowing silver altar of Zin.
  4378 | D:7      | Mangled by an orc warrior

Skill      XL: |  1  2  3  4  5  6  7  8 |
---------------+-------------------------+-----
Transmutations | 3 4 5 |  5.6
Poison Magic   | 1 2 3 |  3.1
Stealth        | 1 2 3 |  3.1
Spellcasting   | 3 4 |  4.2
Unarmed Combat | 4 5 |  5.3
Ice Magic      | 1 2 |  2.6
Fighting       | |  1.3
Dodging        | |  2.5

Action                   |  1- 3 |  4- 6 |  7- 9 || total
-------------------------+-------+-------+-------++-------
Melee: Unarmed           |    57 |    92 |    84 ||   233
       Constrict         |    14 |    13 |     3 ||    30
       Tentacles         |    10 |     5 |     3 ||    18
       Kick              |     7 |     6 |     1 ||    14
       Punch             |     1 |       |     1 ||     2
 Cast: Beastly Appendage |    14 |     7 |     1 ||    22
       Spider Form       |     1 |     9 |     4 ||    14
       Sticks to Snakes  |       |    10 |     6 ||    16
       Ice Form          |       |       |     9 ||     9
  Use: Scroll            |       |       |     4 ||     4
       Potion            |       |       |     3 ||     3
 Stab: Sleeping          |     7 |     4 |     2 ||    13
  Eat: Chunk             |       |     7 |     4 ||    11
       Ration            |       |       |     1 ||     1
Armor: Skin              |     5 |     2 |     3 ||    10
Dodge: Dodged            |    34 |    45 |    37 ||   116
Block: Other             |       |       |     5 ||     5
